[ AOE2 MATCH · #488552491 ]
UnrankedGeorgians vs Burgundians
Player's team · WIN
[ REPLAY ANALYSIS · EXTRACTED FROM THE RECORDED GAME ]
Feudal
8:56
Castle
24:09
Imperial
—
| APM avg | 37.0 |
| APM peak | 111 |
| eAPM avg | 16.3 |
| Villagers / military | 44 / 0 |
Focus
⚔️ 34.3% · 🌾 65.7%
Feudal
10:42
Castle
16:58
Imperial
—
| APM avg | 32.3 |
| APM peak | 74 |
| eAPM avg | 17.8 |
| Villagers / military | 49 / 2 |
Focus
⚔️ 26.7% · 🌾 73.3%
Mangonel ×2
Match map
Initial resources + every placement click. Lines = walls · curves = elevation contours. ◆ gold · ⬟ stone · ● berries · ✦ relic · ◌ wall gap
Your base· ✓ Closed at 24:09 · 15t walls · 3 gate(s)
Noorda's base· ✓ Closed at 16:58 · 2t walls · 3 gate(s)
Smoothed initial terrain · ◌ = detected wall gap · hover for details
Inputs per minute
— DS_Gitano Urbano - - Noorda
Build order — DS_Gitano Urbano
105 actions detected in the replay
| 0:01 | Create | Villager (Male) ×4 |
| 0:02 | Build | House |
| 0:05 | Build | House |
| 1:30 | Create | Villager (Male) |
| 2:03 | Create | Villager (Male) |
| 2:31 | Create | Villager (Male) |
| 2:36 | Build | Mill |
| 2:45 | Create | Villager (Male) |
| 3:10 | Create | Villager (Male) |
| 3:36 | Create | Villager (Male) |
| 3:49 | Build | House |
| 3:51 | Build | House |
| 3:56 | Create | Villager (Male) |
| 4:21 | Create | Villager (Male) |
| 4:48 | Create | Villager (Male) |
| 5:23 | Create | Villager (Male) |
| 5:48 | Create | Villager (Male) |
| 6:16 | Build | Mule Cart |
| 6:21 | Create | Villager (Male) |
| 6:23 | Research | Loom |
| 6:46 | Research | Feudal Age |
| 8:18 | Create | Villager (Male) |
| 8:56 | Age | Feudal Age |
| 9:01 | Build | Watch Tower |
| 9:10 | Create | Villager (Male) |
| 9:12 | Research | Loom |
| 9:17 | Research | Double-Bit Axe |
| 9:23 | Create | Villager (Male) |
| 9:28 | Build | House |
| 9:32 | Create | Villager (Male) |
| 10:11 | Create | Villager (Male) |
| 10:25 | Build | Blacksmith |
| 11:09 | Research | Fletching |
| 11:12 | Create | Villager (Male) |
| 11:52 | Build | Watch Tower |
| 11:54 | Create | Villager (Male) |
| 11:55 | Create | Villager (Male) |
| 12:37 | Build | Watch Tower |
| 12:47 | Build | Farm |
| 12:49 | Build | Farm |
| 12:59 | Build | Watch Tower |
| 13:36 | Create | Villager (Male) |
| 13:44 | Build | Watch Tower |
| 13:56 | Build | House |
| 14:00 | Build | Farm |
| 14:01 | Create | Villager (Male) |
| 14:07 | Build | Farm |
| 14:17 | Build | Farm |
| 14:20 | Create | Villager (Male) |
| 14:38 | Build | Watch Tower |
| 14:41 | Create | Villager (Male) |
| 14:56 | Create | Villager (Male) |
| 15:02 | Build | Farm |
| 15:04 | Build | Farm |
| 15:34 | Build | Watch Tower |
| 15:35 | Create | Villager (Male) |
| 15:38 | Research | Town Watch |
| 16:09 | Create | Villager (Male) |
| 16:13 | Build | Palisade Wall |
| 16:14 | Build | Palisade Wall |
| 16:15 | Build | Palisade Wall |
| 16:16 | Build | Palisade Wall |
| 16:17 | Build | Palisade Wall |
| 16:19 | Build | Palisade Wall |
| 16:20 | Build | Palisade Wall |
| 16:21 | Build | Palisade Wall |
| 16:23 | Build | Palisade Wall |
| 16:36 | Create | Villager (Male) |
| 16:46 | Create | Villager (Male) |
| 17:00 | Create | Villager (Male) |
| 17:08 | Research | Wheelbarrow |
| 17:10 | Build | Farm |
| 17:13 | Build | Farm |
| 17:19 | Build | Palisade Wall |
| 17:20 | Build | Palisade Wall |
| 17:22 | Build | Palisade Wall |
| 17:22 | Build | Palisade Wall |
| 17:23 | Build | Palisade Wall |
| 17:24 | Build | Palisade Wall |
| 17:26 | Build | House |
| 17:32 | Build | Watch Tower |
| 17:59 | Create | Villager (Male) |
| 18:15 | Build | Watch Tower |
| 18:22 | Create | Villager (Male) |
| 18:33 | Build | House |
| 18:39 | Build | House |
| 18:42 | Create | Villager (Male) |
| 18:53 | Build | House |
| 18:56 | Create | Villager (Male) |
| 19:04 | Create | Villager (Male) |
| 19:07 | Build | Market |
| 19:25 | Build | Watch Tower |
| 19:35 | Create | Villager (Male) |
| 19:43 | Build | Watch Tower |
| 19:54 | Build | Mule Cart |
| 20:15 | Build | Watch Tower |
| 20:16 | Create | Villager (Male) |
| 20:58 | Create | Villager (Male) |
| 21:29 | Research | Castle Age |
| 23:50 | Create | Villager (Male) |
| 23:52 | Build | House |
| 24:09 | Age | Castle Age |
| 24:10 | Build | Watch Tower |
| 24:12 | Research | Bodkin Arrow |
| 24:14 | Create | Villager (Male) |
Build order — Noorda
88 actions detected in the replay
| 0:00 | Create | Villager (Male) |
| 0:00 | Create | Villager (Male) |
| 0:02 | Build | House |
| 0:03 | Build | House |
| 0:22 | Create | Villager (Male) |
| 0:33 | Create | Villager (Male) |
| 1:24 | Create | Villager (Male) |
| 1:50 | Build | Lumber Camp |
| 2:04 | Create | Villager (Male) |
| 2:12 | Create | Villager (Male) |
| 2:43 | Research | Double-Bit Axe |
| 2:58 | Create | Villager (Male) |
| 2:59 | Create | Villager (Male) |
| 3:02 | Research | Double-Bit Axe |
| 3:23 | Create | Villager (Male) |
| 3:30 | Build | House |
| 3:50 | Create | Villager (Male) |
| 3:51 | Create | Villager (Male) |
| 4:19 | Create | Villager (Male) |
| 4:42 | Create | Villager (Male) |
| 5:17 | Build | Mill |
| 5:19 | Create | Villager (Male) |
| 5:46 | Create | Villager (Male) |
| 5:51 | Create | Villager (Male) |
| 5:51 | Create | Villager (Male) |
| 6:08 | Build | House |
| 6:14 | Build | Mining Camp |
| 6:15 | Create | Villager (Male) |
| 6:38 | Create | Villager (Male) |
| 6:43 | Create | Villager (Male) |
| 6:43 | Create | Villager (Male) |
| 7:01 | Create | Villager (Male) |
| 7:01 | Create | Villager (Male) |
| 7:02 | Create | Villager (Male) |
| 7:40 | Build | Mining Camp |
| 7:41 | Create | Villager (Male) |
| 8:32 | Research | Feudal Age |
| 8:32 | Create | Villager (Male) |
| 8:32 | Research | Loom |
| 8:56 | Build | Mill |
| 9:31 | Build | Farm |
| 9:37 | Build | Farm |
| 10:00 | Create | Villager (Male) |
| 10:31 | Build | Palisade Gate |
| 10:42 | Age | Feudal Age |
| 10:49 | Build | Gate |
| 11:15 | Create | Villager (Male) |
| 11:19 | Build | Farm |
| 11:19 | Build | Farm |
| 11:20 | Build | Farm |
| 11:51 | Build | Market |
| 12:33 | Create | Villager (Male) |
| 12:34 | Create | Villager (Male) |
| 12:34 | Create | Villager (Male) |
| 12:49 | Build | Market |
| 12:56 | Create | Villager (Male) |
| 12:59 | Create | Villager (Male) |
| 13:02 | Build | Farm |
| 13:58 | Build | Blacksmith |
| 14:05 | Build | Palisade Wall |
| 14:18 | Research | Castle Age |
| 14:18 | Research | Castle Age |
| 14:24 | Build | Palisade Wall |
| 15:16 | Research | Horse Collar |
| 15:24 | Build | Farm |
| 16:08 | Build | Lumber Camp |
| 16:56 | Create | Villager (Male) |
| 16:58 | Age | Castle Age |
| 17:02 | Create | Villager (Male) |
| 17:06 | Create | Villager (Male) |
| 17:17 | Build | Lumber Camp |
| 17:17 | Create | Villager (Male) |
| 17:30 | Build | House |
| 17:52 | Build | Mining Camp |
| 17:56 | Create | Villager (Male) |
| 17:57 | Create | Villager (Male) |
| 18:14 | Build | House |
| 18:26 | Build | House |
| 18:55 | Build | Siege Workshop |
| 19:28 | Create | Mangonel |
| 19:33 | Build | House |
| 19:37 | Build | House |
| 19:56 | Create | Villager (Male) ×5 |
| 19:56 | Create | Villager (Male) |
| 19:56 | Create | Villager (Male) |
| 20:24 | Create | Mangonel |
| 20:25 | Create | Villager (Male) |
| 21:20 | Create | Villager (Male) |
Match timeline
| 8:56 | DS_Gitano Urbano · age_up feudal |
| 10:42 | Noorda · age_up feudal |
| 14:05 | Noorda · wall_segment Palisade Wall x1 |
| 14:24 | Noorda · wall_segment Palisade Wall x1 |
| 16:13 | DS_Gitano Urbano · wall_segment Palisade Wall x1 |
| 16:14 | DS_Gitano Urbano · wall_segment Palisade Wall x1 |
| 16:15 | DS_Gitano Urbano · wall_segment Palisade Wall x1 |
| 16:16 | DS_Gitano Urbano · wall_segment Palisade Wall x1 |
| 16:17 | DS_Gitano Urbano · wall_segment Palisade Wall x1 |
| 16:19 | DS_Gitano Urbano · wall_segment Palisade Wall x1 |
| 16:20 | DS_Gitano Urbano · wall_segment Palisade Wall x1 |
| 16:21 | DS_Gitano Urbano · wall_segment Palisade Wall x1 |
| 16:23 | DS_Gitano Urbano · wall_segment Palisade Wall x1 |
| 16:58 | Noorda · age_up castle |
| 17:19 | DS_Gitano Urbano · wall_segment Palisade Wall x1 |
| 17:20 | DS_Gitano Urbano · wall_segment Palisade Wall x1 |
| 17:22 | DS_Gitano Urbano · wall_segment Palisade Wall x1 |
| 17:22 | DS_Gitano Urbano · wall_segment Palisade Wall x1 |
| 17:23 | DS_Gitano Urbano · wall_segment Palisade Wall x1 |
| 17:24 | DS_Gitano Urbano · wall_segment Palisade Wall x1 |
| 18:37 | Noorda · first_market_buy 100 wood |
| 18:55 | Noorda · first_building Siege Workshop |
| 19:27 | Noorda · first_market_sell 100 food |
| 21:00 | DS_Gitano Urbano · first_market_sell 100 wood |
| 24:09 | DS_Gitano Urbano · age_up castle |
| 24:21 | DS_Gitano Urbano · first_market_buy 500 stone |
| 24:41 | Noorda · resign |
[ AI ANALYSIS · 1 CREDIT ]
What really happened in this match?
Wolo.gg analyzes every decision: build order, eco, micro, common mistakes by bracket. Personalized analysis on WhatsApp or Discord in 30 seconds.
Civ guide
Georgians
Perfil
DS_Gitano Urbano